 Dungeon Crawl Stone Soup version 0.17-a0-1711-gc5340a3 (webtiles) character file.

51 kae the Firebug (level 3, -4/19 HPs)
             Began as a Tengu Fire Elementalist on Aug 22, 2015.
             Engulfed by a cloud of flame (23 damage)
             ... on level 2 of the Dungeon.
             The game lasted 00:01:47 (1372 turns).

kae the Firebug (Tengu Fire Elementalist)           Turns: 1372, Time: 00:01:47

Health: -4/19      AC:  2    Str:  8    XL:     3   Next: 83%
Magic:  7/7        EV: 12    Int: 16    God:
Gold:   43         SH:  0    Dex: 14    Spells: 1 memorised, 5 levels left

rFire  . . .     SeeInvis .     q - +0 long sword
rCold  . . .     Clarity  .     a - +0 robe
rNeg   . . .     SustAt   .     (no shield)
rPois  .         Gourm    .     (helmet restricted)
rElec  .         Spirit   .     (no cloak)
rCorr  .         Warding  .     (no gloves)
rMut   .         Stasis   .     (boots unavailable)
MR     .....                    (no amulet)
Stlth  ++........               (no ring)
                                (no ring)

@: not resistant to hostile enchantments, unstealthy
A: beak, talons 3
a: no special abilities


You were on level 2 of the Dungeon.
You were not hungry.

You visited 1 branch of the dungeon, and saw 2 of its levels.

You collected 43 gold pieces.

Inventory:

Hand weapons
 q - a +0 long sword (weapon)
Armour
 a - a +0 robe (worn)
Magical devices
 o - a wand of fireball (10)
Scrolls
 d - a scroll of amnesia {unknown}
 e - 2 scrolls of remove curse {unknown}
 f - a scroll of blinking {unknown}
 g - 3 scrolls of identify {unknown}
 i - a scroll of teleportation {unknown}
 k - a scroll of fear {unknown}
 m - a scroll of noise {unknown}
 n - a scroll of enchant weapon {unknown}
 p - 2 scrolls of enchant armour {unknown}
Potions
 h - a potion of curing {unknown}
 j - a potion of flight {unknown}
 s - 2 potions of agility {unknown}
Books
 b - a book of Flames

   Spells                             Type                      Level
   a - Flame Tongue                   Conjuration/Fire             1
   b - Throw Flame                    Conjuration/Fire             2
   c - Conjure Flame                  Conjuration/Fire             3
   d - Inner Flame                    Hexes/Fire                   3
   e - Sticky Flame                   Conjuration/Fire             4
   f - Fireball                       Conjuration/Fire             5
Comestibles
 c - 4 bread rations
 r - a slice of pizza


   Skills:
 - Level 2.1 Dodging
 - Level 2.0 Stealth
 - Level 2.0 Spellcasting
 - Level 1.3 Conjurations
 + Level 5.1 Fire Magic


You had 5 spell levels left.
You knew the following spells:

 Your Spells              Type           Power        Failure   Level  Hunger
a - Flame Tongue          Conj/Fire      ##...        8%          1    #......


Dungeon Overview and Level Annotations

Branches:
Dungeon (2/15)

Altars:
Vehumet
Xom
Zin


Innate Abilities, Weirdness & Mutations

You have a beak for a mouth.
You have claws for feet.


Message History

No target in view!
You see here a quokka corpse.
There is an open door here.
There is a fountain of clear blue water here.
You open the door.
There is an open door here.
r - a slice of pizza
s - 2 sedimented grey potions Some of the chunks of flesh in your inventory have rotted away.
There is a stone staircase leading up here.
Found a radiant altar of Vehumet.
p - 2 scrolls labeled PAPUZAE CU FESCH (gained 1)
Found a ring mail.
All of the chunks of flesh in your inventory have rotted away.
Found a leather armour.
Really walk into a travel-excluded area?
Found a stone staircase leading down.
You are engulfed in roaring flames.
Ouch! That really hurt!
You die...

#.##.##.###.#
#######.#. #
#......#.# #.#.
#. ####.#.#.#
#.#.
#.#####.....#
..#.
#.......#.###
###. ###..####.#
#.
##....§.######.#
#.
#.§§.§[....>..#
##
#...@...#######
#..§.§..#
#.§.....#
#########


There were no monsters in sight!

Vanquished Creatures
  An adder (D:2)
  An ooze (D:2)
  A worm (D:2)
  4 bats
  3 giant cockroaches
  3 goblins (D:1)
  5 hobgoblins
  7 jackals (D:1)
  4 kobolds
  A quokka (D:2)
  A giant newt (D:1)
  2 rats
33 creatures vanquished.

Notes
Turn   | Place    | Note
--------------------------------------------------------------
     0 | D:1      | kae the Tengu Fire Elementalist began the quest for the Orb.
     0 | D:1      | Reached XP level 1. HP: 10/10 MP: 4/4
   230 | D:1      | Reached XP level 2. HP: 15/15 MP: 4/6
   236 | D:1      | Reached skill level 4 in Fire Magic
   474 | D:1      | Reached XP level 3. HP: 19/19 MP: 1/7
   745 | D:2      | Found a shimmering altar of Xom.
   745 | D:2      | Noticed an angel
  1099 | D:2      | Found a glowing silver altar of Zin.
  1118 | D:2      | Reached skill level 5 in Fire Magic
  1337 | D:2      | Found a radiant altar of Vehumet.
  1372 | D:2      | Engulfed by a cloud of flame

Vault maps used:
D:1:      dpeg_cavernosity
D:2:      grunt_temple_overflow_order_and_chaos_1, nicolae_ashenzari_panopticon,
          fiery_altar_vehumet, first_bread, minmay_fountain_box

Action                   || total
-------------------------++-------
Melee: Unarmed           ||    36
       Long sword        ||     1
 Cast: Flame Tongue      ||    46
  Use: Potion            ||     1
 Stab: Sleeping          ||     1
  Eat: Chunk             ||     2
